 Dungeon Crawl Stone Soup version 0.22.1-1-ga44c0e5 (webtiles) character file.

10744 Starchild the Fighter (level 11, -5/100 HPs)
             Began as a Demonspawn Monk on Oct 22, 2018.
             Was a Believer of Cheibriados.
             Slain by an Executioner (20 damage)
             ... created by the fury of Makhleb
             ... on level 9 of the Dungeon.
             The game lasted 00:34:28 (7867 turns).

Starchild the Fighter (Demonspawn Monk)             Turns: 7867, Time: 00:34:28

Health: -5/100     AC: 18    Str: 16    XL:     11   Next: 40%
Magic:  29/30      EV: 13    Int: 24    God:    Cheibriados [**....]
Gold:   421        SH:  0    Dex: 19    Spells: 5/10 levels left

rFire    . . .     SeeInvis .   E - +2 hand axe (drain)
rCold    . . .     Gourm    .   (no shield)
rNeg     . . .     Faith    .   g - +3 leather armour {rPois}
rPois    +         Spirit   .   a - +3 hat of Pondering {ponderous, MR+ MP+10 Int+5}
rElec    .         Reflect  .   (no cloak)
rCorr    +         Harm     .   (gloves unavailable)
MR       +....                  U - +0 pair of boots
Stlth    ++........             v - amulet of magic regeneration
HPRegen  0.26/turn              x - +5 ring of protection
MPRegen  0.47/turn              t - ring of resist corrosion

@: about to teleport, very slow
A: claws 3, icy blue scales 2, demonic guardian 1, spiny 2
a: Bend Time, Renounce Religion


You were on level 9 of the Dungeon.
You worshipped Cheibriados.
Cheibriados was pleased with you.
You were hungry.

You visited 2 branches of the dungeon, and saw 11 of its levels.

You collected 421 gold pieces.

Inventory:

Hand Weapons
 e - a +2 hand axe of electrocution
 E - a +2 hand axe of draining (weapon)
 V - a +1 shortbow of freezing
 X - a +3 battleaxe
Missiles
 d - a throwing net
 k - 271 stones
 n - 2 javelins
 q - 91 sling bullets
 J - 8 tomahawks (quivered)
 W - 47 arrows
Armour
 a - the +3 hat of Pondering (worn) {ponderous, MR+ MP+10 Int+5}
   (You took it off Gastronok on level 8 of the Dungeon)

   It affects your intelligence (+5).
   It affects your resistance to hostile enchantments.
   It affects your magic capacity (+10).
 g - a +3 leather armour of poison resistance (worn)
 r - +0 ice dragon scales
 K - a +2 pair of gloves
 U - a +0 pair of boots (worn)
Jewellery
 t - a ring of resist corrosion (right claw)
 v - an amulet of magic regeneration (around neck)
 x - a +5 ring of protection (left claw)
 F - an uncursed ring of wizardry {unknown}
 I - an uncursed ring of ice {unknown}
 L - an uncursed ring of poison resistance {unknown}
 P - a +6 ring of strength {unknown}
 S - an uncursed amulet of faith {unknown}
Wands
 j - a wand of flame (51)
 u - a wand of enslavement (12)
 Q - a wand of digging (14)
 R - a wand of scattershot (6)
 T - a wand of iceblast (10)
Scrolls
 b - 2 scrolls of remove curse
 f - 3 scrolls of enchant armour
 y - a scroll of amnesia
 C - 2 scrolls of teleportation
 N - a scroll of silence {unknown}
Potions
 h - 2 potions of cancellation
 i - a potion of ambrosia {unknown}
 l - a potion of flight
 m - a potion of heal wounds
 o - 5 potions of magic
 p - a potion of haste {unknown}
 s - 2 potions of degeneration {unknown}
 B - 2 potions of curing
 D - 3 potions of invisibility
 G - 3 potions of might
 H - a potion of agility {unknown}
 M - a potion of brilliance {unknown}
 O - 3 potions of lignification {unknown}
Comestibles
 c - 21 rations


   Skills:
 - Level 14.0 Fighting
 - Level 2.6 Axes
 - Level 2.6 Dodging
 - Level 1.7 Stealth
 + Level 3.0 Conjurations
 - Level 4.1 Translocations
 - Level 12.0 Invocations


You had 5 spell levels left.
You knew the following spells:

 Your Spells              Type           Power        Failure   Level  Hunger
a - Blink                 Tloc           N/A          4%          2    ###....
b - Mephitic Cloud        Conj/Pois/Air  #.......     34%         3    ####...

Your spell library contained the following spells:

 Spells                   Type           Power        Failure   Level  Hunger
 Magic Dart               Conj           ##..         5%          1    ##.....
 Shock                    Conj/Air       #...         10%         1    ##.....
 Summon Small Mammal      Summ           #...         19%         1    ##.....
 Call Imp                 Summ           #.......     26%         2    ###....
 Slow                     Hex            #.......     26%         2    ###....
 Swiftness                Chrm/Air       #.......     26%         2    ###....
 Conjure Flame            Conj/Fire      #.......     28%         3    ####...
 Static Discharge         Conj/Air       #.......     28%         3    ####...
 Call Canine Familiar     Summ           #.......     47%         3    ####...
 Summon Guardian Golem    Hex/Summ       #.......     47%         3    ####...
 Airstrike                Air            #.........   87%         4    #####..
 Summon Ice Beast         Ice/Summ       #.......     87%         4    #####..
 Summon Lightning Spire   Summ/Air       #.......     87%         4    #####..
 Lightning Bolt           Conj/Air       #.........   95%         5    ######.


Dungeon Overview and Level Annotations

Branches:
Dungeon (10/15)            Temple (1/1) D:7            Lair (0/6) D:8
    Orc (0/2) D:9

Altars:
Ashenzari
Cheibriados
Dithmenos
Elyvilon
Fedhas
Gozag
Hepliaklqana
Kikubaaqudgha
Makhleb
Nemelex Xobeh
Okawaru
Qazlal
Ru
Sif Muna
Trog
Uskayaw
Vehumet
Wu Jian
Xom
Yredelemnul
The Shining One

Annotations:
D:4 2 transporters, Curus's ghost, amateur MiAK
D:8 1 runed door, Dustman's ghost, novice MiGl


Innate Abilities, Weirdness & Mutations

You have claws for hands.
You are mostly covered in icy blue scales. (AC +3)
A weak demonic guardian rushes to your aid.
You are mostly covered in sharp spines.


Message History

* * * LOW HITPOINT WARNING * * *
The Executioner hits you.
* * * LOW HITPOINT WARNING * * *
The Executioner hits you.
* * * LOW HITPOINT WARNING * * *
Your white imp misses the Executioner.
The Executioner is struck by your spines.
The Executioner hits you!
* * * LOW HITPOINT WARNING * * *
The Executioner hits you but does no damage. x2
Your white imp hits the Executioner but does no damage.
Casting: Blink (safe; 4% risk of failure)
Confirm with . or Enter, or press ? or * to list all spells.
You blink.
You are feeling hungry.
As you read the scroll of teleportation, it crumbles to dust.
You feel strangely unstable.
The Executioner is struck by your spines.
The Executioner hits you!!
You die...

#####.....#####..# ######..
#......8......#..##########..
#.............#..............
##.............#..............
##...............####.<........
...8....§>.....8..###..........
...............................
..#......5......#..............
#####........÷.1@.#...######..###
....#......8......#...######.....
....#####.....#####..............
##..........### ##..#######..##
#..........# #..# #..##
##..........########..#######....
...........)..........Z..........
####..........#####..#########..#
#..........# #..# ##### #).#


You could see an Executioner and a friendly white imp.

Vanquished Creatures
  Gastronok (D:8)
  Harold (D:9)
  2 two-headed ogres
  Erica (D:9)
  Pikel (D:4)
  A hornet (D:7)
  The ghost of emiel the Insei, an amateur OpFi (D:5)
  A hippogriff (D:7)
  2 slime creatures (D:7)
  4 yaks (D:9)
  A two-headed ogre zombie (D:9)
  A water moccasin (D:7)
  2 sky beasts (D:8)
  A slave (D:4)
  2 ice beasts
  A black bear (D:8)
  2 orc warriors
  2 ogres
  4 phantoms
  3 wolves (D:8)
  2 centaurs (D:8)
  2 big kobolds (D:7)
  7 bullfrogs
  Blork the orc (D:6)
  Dowan (D:6)
  A water moccasin zombie (D:8)
  A wyvern zombie (D:6)
  A water moccasin skeleton (D:7)
  2 scorpions
  A troll zombie (D:9)
  2 wights (D:8)
  2 howler monkeys (D:5)
  2 crimson imps (D:9)
  2 bullfrog zombies
  6 jellies
  4 orc priests
  3 hounds
  6 orc wizards
  2 gnoll shamans
  2 bullfrog skeletons
  3 iguanas (D:8)
  5 worker ants
  A killer bee zombie (D:8)
  4 ogre zombies (D:9)
  A hound zombie (D:6)
  3 mummies (D:8)
  2 hound skeletons
  8 adders
  3 gnolls
  4 shadow imps
  4 oozes
  2 adder zombies
  7 worms
  2 dart slugs
  7 leopard geckos
  27 orcs
  2 ball pythons
  2 giant cockroaches
  3 goblins (D:1)
  7 hobgoblins
  4 jackals (D:9)
  5 quokkas
  4 bats
  6 frilled lizards
  2 goblin zombies (D:9)
  2 hobgoblin zombies (D:9)
  12 kobolds
  2 orc skeletons (D:9)
  17 orc zombies (D:9)
  10 rats
  A fungus (D:7)
  A toadstool (D:7)
247 creatures vanquished.

Vanquished Creatures (collateral kills)
  Joseph (D:8)
  A centaur skeleton (D:9)
  2 hippogriffs
  Grum (D:8)
  Duvessa (D:6)
  A slave (D:4)
  2 ogres (D:7)
  A sky beast (D:8)
  A bullfrog (D:7)
  A crimson imp (D:5)
  A bullfrog skeleton (D:5)
  Terence (D:2)
  A hound skeleton (D:8)
  3 gnolls
  A worm (D:2)
  A leopard gecko (D:8)
20 creatures vanquished.

Vanquished Creatures (others)
  6 toadstools (D:7)
  A withered plant (D:8)
7 creatures vanquished.

Grand Total: 274 creatures vanquished

Notes
Turn   | Place    | Note
-------+----------+-------------------------------------------
     0 | D:1      | Starchild the Demonspawn Monk began the quest for the Orb.
     0 | D:1      | Reached XP level 1. HP: 18/18 MP: 1/1
   137 | D:1      | Gained mutation: A weak demonic guardian rushes to your
                  | aid. [demonic ancestry]
   137 | D:1      | Reached XP level 2. HP: 21/24 MP: 2/2
   292 | D:1      | Reached skill level 4 in Fighting
   827 | D:2      | Reached XP level 3. HP: 30/30 MP: 3/3
  1259 | D:2      | Found a shattered altar of Ashenzari.
  1259 | D:2      | Found a bloodstained altar of Trog.
  1259 | D:2      | Noticed Terence
  1260 | D:2      | Noticed a moth of wrath
  1276 | D:2      | Killed Terence
  1421 | D:2      | Gained mutation: You are partially covered in icy blue
                  | scales. (AC +2) [demonic ancestry]
  1421 | D:2      | Reached XP level 4. HP: 9/38 MP: 4/4
  1588 | D:2      | Reached skill level 5 in Fighting
  2305 | D:4      | Noticed a phantom
  2337 | D:4      | Killed a phantom
  2337 | D:4      | Reached skill level 6 in Fighting
  2337 | D:4      | Gained mutation: You are mostly covered in icy blue scales.
                  | (AC +3) [demonic ancestry]
  2337 | D:4      | Reached XP level 5. HP: 31/46 MP: 5/5
  2479 | D:4      | Noticed an ogre
  2484 | D:4      | Killed an ogre
  2484 | D:4      | Reached XP level 6. HP: 50/53 MP: 6/6
  2497 | D:4      | Found a transporter.
  2497 | D:4      | Noticed Curus's ghost (amateur MiAK)
  2498 | D:4      | Found a transporter.
  2533 | D:4      | Reached skill level 7 in Fighting
  2567 | D:4      | Noticed a slave
  2567 | D:4      | Noticed a slave
  2609 | D:4      | Killed a slave
  2616 | D:4      | Noticed a slave
  2619 | D:4      | Noticed Pikel
  2623 | D:4      | Noticed a slave
  2633 | D:4      | Killed a slave
  2634 | D:4      | Killed Pikel
  2634 | D:4      | Reached skill level 9 in Fighting
  2634 | D:4      | Gained mutation: You are partially covered in sharp spines.
                  | [demonic ancestry]
  2634 | D:4      | Reached XP level 7. HP: 50/64 MP: 7/7
  3126 | D:5      | Entered Level 5 of the Dungeon
  3159 | D:5      | Gained mutation: You are mostly covered in sharp spines.
                  | [demonic ancestry]
  3159 | D:5      | Reached XP level 8. HP: 62/72 MP: 8/8
  3168 | D:5      | Reached skill level 10 in Fighting
  3192 | D:5      | Found a hide-covered altar of Uskayaw.
  3300 | D:5      | Noticed emiel's ghost (amateur OpFi)
  3303 | D:5      | Found a runed door.
  3319 | D:5      | Killed emiel's ghost
  3446 | D:5      | Reached skill level 11 in Fighting
  3870 | D:6      | Found a basalt altar of Yredelemnul.
  4022 | D:6      | Found a deep blue altar of Sif Muna.
  4088 | D:6      | Noticed Blork the orc
  4096 | D:6      | Killed Blork the orc
  4438 | D:6      | Gained mutation: You have sharp fingernails. [demonic
                  | ancestry]
  4438 | D:6      | Reached XP level 9. HP: 81/82 MP: 9/9
  4440 | D:6      | Found a shadowy altar of Dithmenos.
  4719 | D:6      | Noticed Duvessa
  4719 | D:6      | Noticed Dowan
  4729 | D:6      | Killed Duvessa
  4729 | D:6      | Reached skill level 12 in Fighting
  4735 | D:6      | Killed Dowan
  5212 | D:7      | Reached skill level 13 in Fighting
  5489 | D:7      | Found a staircase to the Ecumenical Temple.
  5505 | Temple   | Entered the Ecumenical Temple
  5677 | Temple   | Became a worshipper of Makhleb the Destroyer
  5677 | Temple   | Reached * piety under Makhleb
  5677 | Temple   | Reached ** piety under Makhleb
  5785 | D:7      | Reached skill level 1 in Invocations
  6116 | D:8      | Found a runed door.
  6121 | D:8      | Noticed Dustman's ghost (novice MiGl)
  6133 | D:8      | Noticed Joseph
  6141 | D:8      | Killed Joseph
  6141 | D:8      | Reached skill level 14 in Fighting
  6141 | D:8      | Gained mutation: You have very sharp fingernails. [demonic
                  | ancestry]
  6141 | D:8      | Reached XP level 10. HP: 84/94 MP: 9/11
  6226 | D:8      | Found a staircase to the Lair.
  6292 | D:8      | Noticed Grum
  6302 | D:8      | Reached skill level 5 in Invocations
  6310 | D:8      | Killed Grum
  6557 | D:8      | Noticed a two-headed ogre
  6566 | D:8      | Killed a two-headed ogre
  6680 | D:8      | Found a blossoming altar of Fedhas.
  6711 | D:8      | Reached *** piety under Makhleb
  7040 | D:8      | Noticed Gastronok
  7056 | D:8      | Killed Gastronok
  7056 | D:8      | Reached skill level 10 in Invocations
  7086 | D:9      | Noticed Erica
  7107 | D:9      | Killed Erica
  7107 | D:9      | Gained mutation: You have claws for hands. [demonic
                  | ancestry]
  7107 | D:9      | Reached XP level 11. HP: 51/100 MP: 20/20
  7185 | Temple   | Fell from the grace of Makhleb
  7185 | Temple   | Became a worshipper of Cheibriados the Contemplative
  7189 | Temple   | Learned a level 2 spell: Blink
  7251 | D:10     | Entered Level 10 of the Dungeon
  7309 | D:9      | Noticed Harold
  7318 | D:9      | Killed Harold
  7444 | D:9      | Noticed a two-headed ogre
  7455 | D:9      | Killed a two-headed ogre
  7482 | D:9      | Learned a level 3 spell: Mephitic Cloud
  7489 | D:9      | Found a staircase to the Orcish Mines.
  7512 | D:9      | Found an ornate altar of the Wu Jian Council.
  7527 | D:9      | Reached * piety under Cheibriados
  7536 | D:9      | Reached skill level 1 in Conjurations
  7665 | D:9      | Reached ** piety under Cheibriados
  7725 | D:9      | Noticed an Executioner
  7867 | D:9      | Slain by an Executioner

Skill      XL: |  1  2  3  4  5  6  7  8  9 10 11 |
---------------+----------------------------------+-----
Fighting       | 4 6 9 11 14 | 14.0
Invocations    | 1 12 | 12.0
Translocations | 4 |  4.1
Conjurations   | 3 |  3.0
Axes           | |  2.6
Dodging        | |  2.6
Stealth        | |  1.7

Action                   |  1- 3 |  4- 6 |  7- 9 | 10-12 || total
-------------------------+-------+-------+-------+-------++-------
Melee: Hand axe          |    56 |    99 |   237 |   284 ||   676
 Fire: Hunting sling     |       |     9 |       |       ||     9
       Shortbow          |       |       |       |     1 ||     1
Throw: Tomahawk          |       |       |       |     1 ||     1
 Cast: Blink             |       |       |       |     1 ||     1
  Use: Scroll            |     3 |     6 |     4 |     2 ||    15
       Potion            |     1 |       |     6 |     1 ||     8
 Stab: Sleeping          |     8 |     1 |     5 |       ||    14
       Distracted        |       |     1 |     1 |     4 ||     6
  Eat: Chunk             |     1 |     4 |    11 |     3 ||    19
       Ration            |       |       |       |     1 ||     1
Armor: Leather armour    |    13 |    56 |   105 |   156 ||   330
       Robe              |     1 |       |       |       ||     1
Dodge: Dodged            |    25 |    74 |   147 |   180 ||   426
